 Dungeon Crawl Stone Soup version 0.19.4 (webtiles) character file.

473 Naow the Magician (level 6, -6/32 HPs)
             Began as a Deep Elf Fire Elementalist on Feb 5, 2017.
             Killed from afar by Dowan (16 damage)
             ... with a shard of ice
             ... on level 4 of the Dungeon.
             The game lasted 00:06:47 (3969 turns).

Naow the Magician (Deep Elf Fire Elementalist)      Turns: 3969, Time: 00:06:48

Health: -6/32      AC:  2    Str:  5    XL:     6   Next: 83%
Magic:  8/17       EV: 13    Int: 22    God:
Gold:   83         SH:  0    Dex: 15    Spells: 5 memorised, 2 levels left

rFire  + . .     SeeInvis +     (no weapon)
rCold  x . .     Gourm    .     a - +0 robe
rNeg   . . .     Faith    .     (no shield)
rPois  .         Spirit   .     (no helmet)
rElec  .         Reflect  .     (no cloak)
rCorr  .         Harm     .     (no gloves)
MR     .....                    (no boots)
Stlth  ++........               (no amulet)
                                o - ring of fire
                                d - ring of see invisible

@: no status effects
A: no striking features
a: no special abilities


You were on level 4 of the Dungeon.
You were not hungry.

You visited 1 branch of the dungeon, and saw 4 of its levels.

You collected 83 gold pieces.

Inventory:

Armour
 a - a +0 robe (worn)
Jewellery
 d - a ring of see invisible (left hand)
 l - an uncursed amulet of faith
 o - a ring of fire (right hand)
Wands
 s - a wand of enslavement (13/24)
Scrolls
 e - a scroll of magic mapping {unknown}
 g - 3 scrolls of identify {unknown}
 h - a scroll of random uselessness {unknown}
 i - 2 scrolls of remove curse {unknown}
 j - a scroll of teleportation {unknown}
 q - a scroll of blinking {unknown}
Potions
 f - a potion of lignification {unknown}
 k - 2 potions of agility {unknown}
 m - 2 potions of degeneration {unknown}
 n - a potion of flight {unknown}
 p - a potion of might {unknown}
Books
 b - a book of Flames

   Spells                             Type                      Level
   a - Flame Tongue                   Conjuration/Fire             1
   b - Throw Flame                    Conjuration/Fire             2
   c - Conjure Flame                  Conjuration/Fire             3
   d - Inner Flame                    Hexes/Fire                   3
   e - Sticky Flame                   Conjuration/Fire             4
   f - Fireball                       Conjuration/Fire             5
 r - a book of Conjurations

   Spells                             Type                      Level
   a - Magic Dart                     Conjuration                  1
   b - Searing Ray                    Conjuration                  2
   c - Dazzling Spray                 Conjuration/Hexes            3
   d - Fulminant Prism                Conjuration/Hexes            4
   e - Iskenderun's Mystic Blast      Conjuration                  4
   f - Iskenderun's Battlesphere      Conjuration/Charms           5
Comestibles
 c - 2 bread rations


   Skills:
 - Level 2.4 Dodging
 - Level 2.4 Stealth
 + Level 6.2 Spellcasting
 + Level 4.7 Conjurations
 + Level 5.4 Fire Magic


You had 2 spell levels left.
You knew the following spells:

 Your Spells              Type           Power        Failure   Level  Hunger
a - Flame Tongue          Conj/Fire      #####        1%          1    None
b - Throw Flame           Conj/Fire      #####.       1%          2    None
c - Conjure Flame         Conj/Fire      #####...     3%          3    #......
d - Sticky Flame          Conj/Fire      #####...     12%         4    ###....
e - Fireball              Conj/Fire      #####.....   34%         5    #####..


Dungeon Overview and Level Annotations

Branches:
Dungeon (4/15)
 Temple: D:4-7

Altars:
Cheibriados
Fedhas
Okawaru
Qazlal
Ru
Xom
Zin

Annotations:
D:4 Dowan


Message History

Dowan says, "How can I live without her?"
Dowan mumbles some strange words.
Dowan blinks!
There is an open door here.
Dowan mumbles some strange words.
Dowan blinks!
Dowan says, "How can I live without her?"
There is an open door here.
Dowan gestures at you while chanting. The stone arrow hits you!
* * * LOW HITPOINT WARNING * * *
Dowan gestures wildly while chanting.
Dowan blinks!
Dowan is no longer moving quickly.
Dowan mumbles some strange words.
Dowan seems to speed up.
Dowan points at you and mumbles some strange words.
The shard of ice hits you!
You feel a painful chill!
Ouch! That really hurt!
You die...

#.# #........# #..
#.#####)#########..
#..)).......e...'..
##########.#####e#########..
.........).# #.# #..
.......<)..# #.# ###
...........# #.#
...........#####.###########
..........>@...e......[.....
#######'##.###########..####
#.##.# ##.# #.##.# #.##
....<. #.[# #. ##.# #. #.#
## #.## #..##


You could see Dowan.

Vanquished Creatures
  Duvessa (D:4)
  The ghost of luab the Ruffian, a weakling NaTm (D:4)
  A hound (D:4)
  A jelly (D:4)
  An orc priest (D:3)
  An iguana (D:4)
  An orc wizard (D:4)
  4 adders
  4 gnolls (D:4)
  An ooze (D:3)
  An adder skeleton (D:4)
  2 worms
  3 dart slugs
  4 leopard geckos
  7 orcs
  A ball python (D:2)
  2 giant cockroaches
  10 goblins
  9 hobgoblins
  4 quokkas (D:2)
  8 bats
  2 frilled lizards (D:2)
  9 kobolds
  10 rats
88 creatures vanquished.

Notes
Turn   | Place    | Note
-------+----------+-------------------------------------------
     0 | D:1      | Naow the Deep Elf Fire Elementalist began the quest for the Orb.
     0 | D:1      | Reached XP level 1. HP: 10/10 MP: 6/6
   170 | D:1      | Reached XP level 2. HP: 12/15 MP: 0/8
   989 | D:2      | Reached XP level 3. HP: 19/19 MP: 7/10
   993 | D:2      | Learned a level 2 spell: Throw Flame
   997 | D:2      | Learned a level 3 spell: Conjure Flame
  1465 | D:2      | Reached skill level 4 in Spellcasting
  1745 | D:2      | Reached XP level 4. HP: 24/24 MP: 9/12
  1789 | D:2      | Found a glowing silver altar of Zin.
  1792 | D:2      | Noticed an angel
  1825 | D:2      | Found a shimmering altar of Xom.
  1897 | D:3      | Found a sacrificial altar of Ru.
  2228 | D:3      | Found a snail-covered altar of Cheibriados.
  2291 | D:3      | Reached XP level 5. HP: 28/28 MP: 12/14
  2343 | D:3      | Learned a level 4 spell: Sticky Flame
  2939 | D:4      | Noticed luab's ghost (weakling NaTm)
  2942 | D:4      | Reached skill level 5 in Spellcasting
  3214 | D:4      | Killed luab's ghost
  3504 | D:4      | Found a stormy altar of Qazlal.
  3505 | D:4      | Found a blossoming altar of Fedhas.
  3542 | D:4      | Reached XP level 6. HP: 32/32 MP: 9/16
  3664 | D:4      | Reached skill level 5 in Fire Magic
  3677 | D:4      | Learned a level 5 spell: Fireball
  3796 | D:4      | Found an iron altar of Okawaru.
  3901 | D:4      | Noticed Duvessa
  3905 | D:4      | Noticed Dowan
  3920 | D:4      | Killed Duvessa
  3920 | D:4      | Reached skill level 6 in Spellcasting
  3969 | D:4      | Killed from afar by Dowan

Skill      XL: |  1  2  3  4  5  6 |
---------------+-------------------+-----
Conjurations   | 2 3 4 |  4.7
Spellcasting   | 4 5 6 |  6.2
Fire Magic     | 4 5 |  5.4
Dodging        | |  2.4
Stealth        | |  2.4

Action                   |  1- 3 |  4- 6 || total
-------------------------+-------+-------++-------
Melee: Unarmed           |     1 |       ||     1
 Cast: Flame Tongue      |    65 |   108 ||   173
       Throw Flame       |     1 |     3 ||     4
       Sticky Flame      |       |     3 ||     3
  Eat: Chunk             |     2 |     7 ||     9
Armor: Robe              |     4 |     1 ||     5
Dodge: Dodged            |    14 |    24 ||    38
